 Dungeon Crawl Stone Soup version 0.26.1-11-gd32895ea62 (webtiles) character file.

Game seed: 12397070524587471823

53265 Doot the Devastator (level 14, -5/68 HPs)
             Began as a Deep Elf Conjurer on Apr 28, 2021.
             Was a High Priest of Vehumet.
             Hit by a large rock thrown by a stone giant (45 damage)
             ... on level 2 of the Orcish Mines on Apr 29, 2021.
             The game lasted 00:58:55 (26727 turns).

Doot the Devastator (Deep Elf Conjurer)            Turns: 26727, Time: 00:58:56

Health: -5/68      AC: 13    Str:  7    XL:     14   Next: 30%
Magic:  31/43      EV: 13    Int: 40    God:    Vehumet [*****.]
Gold:   1129       SH:  5    Dex: 10    Spells: 14/42 levels left

rFire    . . .     SeeInvis .   H - staff of conjuration
rCold    + . .     Faith    .   (no shield)
rNeg     . . .     Spirit   .   K - +3 leather armour
rPois    +         Reflect  +   V - +1 helmet {Int+3}
rElec    .         Harm     .   n - +0 cloak
rCorr    .         Rampage  +   h - +1 pair of gloves "Girphi Pylu" {Rampage rPois Str+3 Dex-3}
Will     +....                  r - +0 pair of boots
Stlth    +++.......             R - amulet "Oboischoge" {Reflect *Drain MP+9 Int+8 SH+5}
HPRegen  0.21/turn              v - ring of wizardry
MPRegen  0.28/turn              Y - ring of protection from cold

@: no status effects
A: no striking features
a: Renounce Religion


You were on level 2 of the Orcish Mines.
You worshipped Vehumet.
Vehumet was extremely pleased with you.
You visited 4 branches of the dungeon, and saw 24 of its levels.
You also visited: Bailey.

You collected 2448 gold pieces.
You spent 1319 gold pieces at shops.

Inventory:

Hand Weapons
 d - a +0 dagger
Armour
 h - the +1 pair of gloves "Girphi Pylu" (worn) {Rampage rPois Str+3 Dex-3}
   (You found it on level 6 of the Lair of Beasts)

   It affects your strength (+3).
   It affects your dexterity (-3).
   It protects you from poison.
   It bestows one free step when moving towards enemies.
 n - a +0 cloak (worn)
 q - the +0 chain mail of Wealisko {Rampage rPois, unknown}
   (You found it on level 1 of the Lair of Beasts)

   It protects you from poison.
   It bestows one free step when moving towards enemies.
 r - a +0 pair of boots (worn)
 F - the +3 scale mail "Ithreemn" {rN+}
   (You took it off an orc on level 8 of the Dungeon)

   It protects you from negative energy.
 G - a +1 ring mail of fire resistance
 I - a +2 pair of gloves
 K - a +3 leather armour (worn)
 O - a cursed +0 ring mail
 Q - a +0 troll leather armour
 V - a +1 helmet of intelligence (worn)
 W - a +1 leather armour of fire resistance
Magical Staves
 t - an uncursed staff of cold
 H - an uncursed staff of conjuration (weapon)
Jewellery
 v - a ring of wizardry (left hand)
 P - a cursed ring of ice
 R - the amulet "Oboischoge" (around neck) {Reflect *Drain MP+9 Int+8 SH+5}
   (You bought it in a shop on level 2 of the Orcish Mines)

   [amulet of reflection]

   It shields you and reflects attacks.
   It affects your intelligence (+8).
   It affects your magic capacity (+9).
   It causes draining when unequipped.
   It affects your SH (+5).
 T - an uncursed ring of flight
 Y - a ring of protection from cold (right hand)
Wands
 p - a wand of polymorph (33)
 s - a wand of paralysis (35)
 w - a wand of digging (4)
 D - a wand of disintegration (17)
 L - a wand of acid (16)
 M - a wand of enslavement (9)
 X - a wand of iceblast (12)
Scrolls
 a - a scroll of silence {unknown}
 b - 6 scrolls of teleportation
 c - 7 scrolls of magic mapping
 e - 8 scrolls of remove curse
 g - 3 scrolls of enchant armour
 j - 3 scrolls of enchant weapon
 l - 4 scrolls of blinking {unknown}
 y - 2 scrolls of noise
 B - 4 scrolls of fear
 C - a scroll of acquirement {unknown}
 J - a scroll of holy word {unknown}
 S - a scroll of amnesia
 U - a scroll of fog
 Z - a scroll of summoning {unknown}
Potions
 f - 2 potions of cancellation
 i - 5 potions of brilliance
 k - 6 potions of curing
 m - 8 potions of heal wounds
 o - 2 potions of might
 u - 4 potions of mutation
 x - 3 potions of flight
 z - a potion of invisibility {unknown}
 A - 3 potions of lignification {unknown}
 E - 3 potions of attraction
 N - 4 potions of berserk rage


   Skills:
 + Level 0.3 Fighting
 + Level 3.2 Armour
 + Level 4.7 Dodging
 + Level 7.5 Stealth
 + Level 0.1 Shields
 + Level 14.9 Spellcasting
 * Level 16.5 Conjurations
 + Level 7.2 Translocations
 + Level 0.6 Transmutations
 + Level 1.2 Fire Magic
 + Level 2.0 Air Magic
 + Level 9.3 Earth Magic
 * Level 10.1 Poison Magic
 + Level 0.7 Evocations


You had 14 spell levels left.
You knew the following spells:

 Your Spells              Type           Power        Failure   Level
a - Magic Dart            Conj           100%         0%          1
b - Searing Ray           Conj           100%         0%          2
c - Blink                 Tloc           N/A          1%          2
d - Mephitic Cloud        Conj/Pois/Air  100%         1%          3
e - Iskenderun's Mystic   Conj/Tloc      100%         1%          4
f - Iron Shot             Conj/Erth      58%          1%          6
g - Ignite Poison         Fire/Tmut/Pois 57%          1%          3
h - Orb of Destruction    Conj           63%          1%          7

Your spell library contained the following spells:

 Spells                   Type           Power        Failure   Level
 Lee's Rapid Deconstruct  Erth           40%          1%          5
 Animate Skeleton         Necr           58%          1%          1
 Beastly Appendage        Tmut           68%          1%          1
 Corona                   Hex            32%          1%          1
 Pain                     Necr           100%         1%          1
 Shock                    Conj/Air       100%         1%          1
 Call Imp                 Summ           29%          1%          2
 Ensorcelled Hibernation  Hex/Ice        58%          1%          2
 Slow                     Hex            29%          1%          2
 Swiftness                Air            46%          1%          2
 Wereblood                Tmut           34%          1%          2
 Confusing Touch          Hex            29%          1%          3
 Conjure Flame            Conj/Fire      100%         1%          3
 Dazzling Flash           Conj/Hex       100%         1%          3
 Inner Flame              Hex/Fire       34%          1%          3
 Portal Projectile        Hex/Tloc       100%         1%          3
 Spider Form              Tmut/Pois      32%          1%          3
 Static Discharge         Conj/Air       100%         1%          3
 Tukima's Dance           Hex            29%          1%          3
 Vampiric Draining        Necr           14%          1%          3
 Airstrike                Air            23%          1%          4
 Fulminant Prism          Conj/Hex       48%          1%          4
 Leda's Liquefaction      Hex/Erth       30%          1%          4
 Bolt of Magma            Conj/Fire/Erth 50%          1%          5
 Iskenderun's Battlesphe  Conj           100%         1%          5
 Lightning Bolt           Conj/Air       51%          1%          5
 Spellforged Servitor     Conj/Summ      48%          5%          7
 Animate Dead             Necr           14%          6%          4
 Cause Fear               Hex            14%          6%          4
 Ice Form                 Ice/Tmut       32%          6%          4
 Blade Hands              Tmut           17%          13%         5
 Agony                    Necr           29%          17%         5


Dungeon Overview and Level Annotations

Branches:
Dungeon (15/15)            Temple (1/1) D:4            Lair (6/6) D:11
  Swamp (0/4) Lair:3       Spider (0/4) Lair:2        Slime (0/5) Lair:5
    Orc (2/2) D:10            Elf (0/3) Orc:2        Bailey (visited)
 Vaults: D:13-14     Depths: D:15

Altars:
Ashenzari
Cheibriados
Dithmenos
Elyvilon
Fedhas
Gozag
Hepliaklqana
Kikubaaqudgha
Makhleb
Nemelex Xobeh
Okawaru
Qazlal
Ru
Sif Muna
Trog
Uskayaw
Vehumet
Wu Jian
Xom
Yredelemnul
Zin
The Shining One
Beogh

Shops:
D:12 *   Orc:2 [(*(:*=

Annotations:
D:3 Grinder
D:11 2 transporters, manix's ghost, journeyman HuFi
Lair:2 2 transporters
Lair:6 2 runed translucent doors


Message History

You start resting.
A stone giant is nearby!
Casting: Orb of Destruction (dangerous; 1% risk of failure)
Confirm with . or Enter, or press ? or * to list all spells.
Aiming: Iron Shot (dangerous; 1% risk of failure)
Press: ? - help, Shift-Dir - straight line, f - stone giant
Aim: a stone giant, quivering a large rock (0% to evade)
You feel a surge of power!
The iron shot hits the stone giant!!!
The stone giant is heavily wounded.
Unknown command.
Casting: Iron Shot (dangerous; 1% risk of failure)
Confirm with . or Enter, or press ? or * to list all spells.
Aiming: Iron Shot (dangerous; 1% risk of failure)
Press: ? - help, Shift-Dir - straight line, f/p - stone giant
Aim: a stone giant, quivering a large rock (heavily wounded, 0% to evade)
You feel a surge of power!
The iron shot hits the stone giant!!!
The stone giant is almost dead.
The stone giant throws a large rock.
The large rock hits you!!!
Ouch! That really hurt!
You die...

##........######...........###...
#.........#.##............#<.....
#..#........##...................
...###.....C##...................
...##............................
....#..........(⌠.⌠..............
...............#C∩...#.#.........
##.....###....##⌠.(.####......##.
∩'......###..#.#@...# #....#.###
##.....###...##....## ##..#...##
...##.## ###.###.### ##.##.###
...#### ####...# #######.
..##############.## #..
.............##### ###.#
..##########...## #...# .##
###..## ###.# .# ##..# #.#


You could see a stone giant.

Vanquished Creatures
  2 entropy weavers (Lair:5)
  Josephine (Lair:5)
  4 hydras
  Fannar (D:12)
  2 two-headed ogres
  A queen ant (Lair:5)
  An orc high priest (Orc:1)
  Nergalle (Lair:2)
  A fire crab (Lair:6)
  An orange crystal statue (Lair:1)
  An orc knight (Bailey)
  A lindwurm (Lair:4)
  A manticore (D:11)
  An ugly thing (D:11)
  A will-o-the-wisp (Lair:3)
  4 elephants (Lair:4)
  A guardian serpent (D:11)
  A centaur zombie (D:15)
  4 black mambas
  7 cane toads
  3 molten gargoyles (Lair:6)
  A cane toad (shapeshifter) (D:15)
  2 centaur skeletons (D:11)
  4 rime drakes
  A kobold demonologist (D:12)
  10 komodo dragons
  7 trolls
  3 polar bears
  18 blink frogs
  A hornet (D:11)
  9 dream sheep
  Sigmund (D:4)
  Eustachio (D:6)
  7 wraiths
  33 yaks
  4 wyverns
  6 basilisks
  Grum (D:9)
  Menkaure (D:7)
  3 steam dragons (Lair:6)
  2 wargs
  4 hell hounds (Lair:6)
  8 water moccasins
  21 soldier ants (Lair:5)
  5 ice beasts
  26 orc warriors
  5 black bears
  5 phantoms
  2 necrophages
  7 ogres
  13 wolves
  3 centaurs
  Blork the orc (D:5)
  3 big kobolds
  A wyvern zombie (D:9)
  17 bullfrogs
  4 scorpions
  7 wights
  An electric eel (Lair:4)
  5 bullfrog zombies
  9 lava snakes
  6 hounds
  A quasit (D:11)
  5 jellies
  21 orc priests
  A bullfrog skeleton (D:6)
  21 orc wizards
  5 iguanas
  21 worker ants
  4 hell rats (Lair:3)
  3 hound skeletons
  Robin (D:4)
  6 gnolls
  17 adders
  6 white imps
  An adder skeleton (D:5)
  4 worms
  4 leopard geckos
  86 orcs
  10 giant cockroaches
  6 hobgoblins
  2 jackals (D:1)
  2 quokkas
  3 ball pythons
  7 bats
  3 frilled lizards
  26 goblins
  A jackal zombie (D:6)
  33 kobolds
  A leopard gecko skeleton (D:8)
  A leopard gecko zombie (D:7)
  2 quokka skeletons
  2 quokka zombies
  8 rats
622 creatures vanquished.

Vanquished Creatures (others)
  A bush (D:6)
  14 fungi
  16 plants
31 creatures vanquished.

Grand Total: 653 creatures vanquished

Notes
Turn   | Place    | Note
-------+----------+-------------------------------------------
     0 | D:1      | Doot the Deep Elf Conjurer began the quest for the Orb.
     0 | D:1      | Reached XP level 1. HP: 10/10 MP: 6/6
   372 | D:1      | Reached XP level 2. HP: 13/15 MP: 4/8
   375 | D:1      | Learned a level 2 spell: Searing Ray
   497 | D:1      | Reached skill level 5 in Conjurations
  1318 | D:2      | Found a faded altar of an unknown god.
  1335 | D:2      | Reached XP level 3. HP: 19/19 MP: 2/9
  1464 | D:4      | Noticed Grinder
  1496 | D:3      | Reached XP level 4. HP: 24/24 MP: 1/11
  1608 | D:3      | Reached skill level 6 in Conjurations
  1658 | D:3      | Noticed a +0 hand axe
  1658 | D:3      | Noticed a +0 dagger
  1664 | D:3      | Found a hide-covered altar of Uskayaw.
  1674 | D:3      | Learned a level 2 spell: Blink
  1678 | D:3      | Learned a level 3 spell: Mephitic Cloud
  1923 | D:4      | Reached XP level 5. HP: 28/28 MP: 0/13
  2179 | D:4      | Reached skill level 7 in Conjurations
  2179 | D:4      | Reached XP level 6. HP: 32/32 MP: 1/15
  2279 | D:4      | Learned a level 4 spell: Iskenderun's Mystic Blast
  2289 | D:4      | Found a staircase to the Ecumenical Temple.
  2325 | Temple   | Entered the Ecumenical Temple
  2449 | Temple   | Became a worshipper of Vehumet
  2555 | D:4      | Noticed Robin
  2570 | D:4      | Killed Robin
  3176 | D:2      | Reached skill level 5 in Spellcasting
  3819 | D:2      | Found a white marble altar of Elyvilon.
  3934 | D:3      | Reached * piety under Vehumet
  3934 | D:3      | Offered knowledge of Freeze by Vehumet.
  4425 | D:4      | Found a shimmering blue altar of Sif Muna.
  4578 | D:4      | Noticed Sigmund
  4587 | D:4      | Killed Sigmund
  4588 | D:4      | Reached XP level 7. HP: 36/36 MP: 8/17
  4913 | D:4      | Reached skill level 8 in Conjurations
  5245 | D:5      | Entered Level 5 of the Dungeon
  5343 | D:5      | Learned a level 6 spell: Iron Shot
  5546 | D:5      | Reached skill level 1 in Earth Magic
  5620 | D:5      | Noticed Blork the orc
  5628 | D:5      | Killed Blork the orc
  5629 | D:5      | Reached XP level 8. HP: 41/41 MP: 7/19
  5905 | D:5      | Found a sparkling altar of Nemelex Xobeh.
  6261 | D:6      | Reached skill level 9 in Conjurations
  6285 | D:6      | Reached ** piety under Vehumet
  6286 | D:6      | Noticed Eustachio
  6297 | D:6      | Killed Eustachio
  6297 | D:6      | Offered knowledge of Foxfire by Vehumet.
  6298 | D:6      | Reached skill level 1 in Air Magic
  6298 | D:6      | Reached skill level 1 in Poison Magic
  6640 | D:6      | Found a glowing silver altar of Zin.
  6809 | D:6      | Found a blossoming altar of Fedhas.
  6830 | D:6      | Reached XP level 9. HP: 45/45 MP: 18/23
  6830 | D:6      | Offered knowledge of Ignite Poison by Vehumet.
  6836 | D:6      | Learned a level 3 spell: Ignite Poison
  6863 | D:6      | Reached skill level 10 in Conjurations
  6863 | D:6      | Reached skill level 1 in Translocations
  7353 | D:6      | Reached *** piety under Vehumet
  7385 | D:6      | Reached skill level 5 in Stealth
  7692 | D:7      | Noticed a troll
  7705 | D:7      | Noticed Menkaure
  8050 | D:7      | Found a broken altar of Ashenzari.
  8144 | D:7      | Killed a troll
  8550 | D:7      | Found an iron altar of Okawaru.
  8550 | D:7      | Found a faded altar of an unknown god.
  8563 | D:7      | Found a faded altar of an unknown god.
  8565 | D:7      | Found a shadowy altar of Dithmenos.
  8567 | D:7      | Found a shimmering altar of Xom.
  8689 | D:7      | Killed Menkaure
  9326 | D:8      | Found an opulent altar of Gozag.
  9473 | D:8      | Offered knowledge of Airstrike by Vehumet.
  9975 | D:8      | Reached skill level 5 in Earth Magic
 10027 | D:8      | Noticed a two-headed ogre
 10040 | D:8      | Killed a two-headed ogre
 10041 | D:8      | Reached skill level 11 in Conjurations
 10041 | D:8      | Reached XP level 10. HP: 50/50 MP: 7/25
 10277 | D:8      | Identified the +3 scale mail "Ithreemn" {rN+}
 10880 | D:9      | Found a flagged portal.
 10882 | D:9      | Reached **** piety under Vehumet
 10918 | Bailey   | Entered a bailey
 10978 | Bailey   | Offered knowledge of Inner Flame by Vehumet.
 11232 | Bailey   | Noticed an orc knight
 11245 | Bailey   | Killed an orc knight
 11246 | Bailey   | Reached skill level 10 in Spellcasting
 11858 | D:9      | Found an opulent altar of Gozag.
 11900 | D:9      | Reached skill level 5 in Poison Magic
 12276 | D:9      | Noticed Grum
 12284 | D:9      | Killed Grum
 12581 | D:10     | Entered Level 10 of the Dungeon
 12586 | D:10     | Reached ***** piety under Vehumet
 12594 | D:10     | Found a staircase to the Orcish Mines.
 12942 | D:10     | Offered knowledge of Freezing Cloud by Vehumet.
 13108 | D:10     | Reached skill level 12 in Conjurations
 13108 | D:10     | Reached XP level 11. HP: 54/54 MP: 18/27
 13924 | D:11     | Noticed a sea snake
 13924 | D:11     | a torpor snail changed into a sea snake
 13926 | D:11     | Found a transporter.
 13936 | D:11     | Noticed a swamp dragon
 13936 | D:11     | a manticore changed into a swamp dragon
 13940 | D:11     | Noticed manix's ghost (journeyman HuFi)
 13940 | D:11     | Noticed a boulder beetle
 13941 | D:11     | a swamp dragon changed into a merfolk
 13944 | D:11     | Noticed an anaconda
 13944 | D:11     | a merfolk changed into an anaconda
 13947 | D:11     | Found a transporter.
 13956 | D:11     | Noticed a fire dragon
 13959 | D:11     | Noticed an entropy weaver
 13959 | D:11     | a fire dragon changed into an entropy weaver
 13962 | D:11     | Noticed a boulder beetle
 13962 | D:11     | an entropy weaver changed into a boulder beetle
 13963 | D:11     | Noticed an ice dragon
 13963 | D:11     | a boulder beetle changed into an ice dragon
 14043 | D:11     | Found a staircase to the Lair.
 14262 | D:11     | Noticed a two-headed ogre
 14267 | D:11     | Killed a two-headed ogre
 14418 | D:11     | Noticed a green ugly thing
 14431 | D:11     | Killed a green ugly thing
 14921 | D:11     | Noticed a glowing shapeshifter
 14921 | D:11     | a faun changed into a glowing shapeshifter
 14922 | D:11     | Noticed a death drake
 14922 | D:11     | a glowing shapeshifter changed into a death drake
 14924 | D:11     | a death drake changed into a tarantella
 14935 | D:11     | Noticed an orb spider
 14939 | D:11     | an orb spider changed into a raiju
 14966 | D:11     | Noticed a satyr
 14967 | D:11     | Noticed an entropy weaver
 14967 | D:11     | a satyr changed into an entropy weaver
 15265 | D:12     | Reached skill level 13 in Conjurations
 15587 | D:12     | Found Wyit's Assorted Antiques.
 15598 | D:12     | Bought a scroll of teleportation for 102 gold pieces
 15957 | D:12     | Noticed Fannar
 15970 | D:12     | Killed Fannar
 15971 | D:12     | Reached skill level 1 in Fire Magic
 16365 | D:13     | You fall into a shaft and drop 2 floors!
 16365 | D:15     | Entered Level 15 of the Dungeon
 16375 | D:15     | Reached skill level 1 in Armour
 16527 | D:15     | Reached XP level 12. HP: 59/59 MP: 26/30
 16744 | D:14     | Noticed a two-headed ogre
 16909 | Orc:1    | Entered Level 1 of the Orcish Mines
 17377 | Orc:1    | Noticed an orc high priest
 17586 | Orc:1    | Killed an orc high priest
 17774 | Orc:2    | Entered Level 2 of the Orcish Mines
 17774 | Orc:2    | Found Fissuil's Book Shoppe.
 17794 | Orc:2    | Found Socilog Xie's Jewellery Boutique.
 17802 | Orc:2    | Bought the amulet "Oboischoge" {Reflect *Drain MP+9 Int+8
                  | SH+5} for 939 gold pieces
 17892 | Orc:2    | Found a roughly hewn altar of Beogh.
 17898 | Orc:2    | Reached skill level 5 in Translocations
 17962 | Orc:2    | Found a roughly hewn altar of Beogh.
 17978 | Orc:2    | Found a roughly hewn altar of Beogh.
 18108 | Orc:2    | Found Iresat Foxepn's General Store.
 18114 | Orc:2    | Bought a scroll of amnesia for 35 gold pieces
 18210 | Orc:2    | Noticed a stone giant
 18222 | Orc:1    | Offered knowledge of Hailstorm by Vehumet.
 18422 | Orc:2    | Found Hoot's Weapon Shoppe.
 18451 | Orc:2    | Found Focala Olosm's General Store.
 18454 | Orc:2    | Bought a scroll of fog for 26 gold pieces
 18481 | Orc:2    | Found a roughly hewn altar of Beogh.
 18482 | Orc:2    | Found Behuthrac's Weapon Shop.
 18505 | Orc:2    | Found Xokh's Antique Armour Shop.
 18552 | Orc:2    | Bought a glowing helmet for 217 gold pieces
 18567 | Orc:2    | Found a staircase to the Elven Halls.
 18666 | Orc:2    | Found a roughly hewn altar of Beogh.
 18711 | Orc:2    | Found a roughly hewn altar of Beogh.
 18734 | Orc:2    | Found a roughly hewn altar of Beogh.
 18925 | Lair:1   | Entered Level 1 of the Lair of Beasts
 19007 | Lair:1   | Reached skill level 14 in Conjurations
 19298 | Lair:1   | Got a spiked chain mail
 19700 | Lair:1   | Learned a level 7 spell: Orb of Destruction
 20118 | Lair:2   | Found a hole to the Spider Nest.
 20131 | Lair:2   | Found a transporter.
 20131 | Lair:2   | Noticed Nergalle
 20133 | Lair:2   | Killed Nergalle
 20135 | Lair:2   | Found a transporter.
 20136 | Lair:2   | Noticed a boulder beetle
 20139 | Lair:2   | Noticed a boulder beetle
 20204 | Lair:2   | Found the +5 robe of Misfortune {*Contam Harm *Corrode
                  | *Drain *Slow EV+5}
 20771 | Lair:3   | Found a staircase to the Swamp.
 20773 | Lair:3   | Reached XP level 13. HP: 64/64 MP: 32/32
 21688 | Lair:4   | Offered knowledge of Irradiate by Vehumet.
 22172 | Lair:4   | Reached skill level 15 in Conjurations
 22389 | Lair:4   | Lost strength.
 22905 | Lair:5   | Noticed Josephine
 22908 | Lair:5   | Killed Josephine
 23520 | Lair:5   | Noticed an entropy weaver
 23622 | Lair:5   | Found a staircase to the Slime Pits.
 23802 | Lair:5   | Noticed an entropy weaver
 23805 | Lair:5   | Killed an entropy weaver
 24033 | Lair:5   | Killed an entropy weaver
 24420 | Lair:6   | Entered Level 6 of the Lair of Beasts
 24549 | Lair:6   | Reached skill level 16 in Conjurations
 24561 | Lair:6   | Reached XP level 14. HP: 68/68 MP: 12/34
 24917 | Lair:6   | Offered knowledge of Lee's Rapid Deconstruction by Vehumet.
 25056 | Lair:6   | Got a pair of warped gloves
 25066 | Lair:6   | Identified the +1 pair of gloves "Girphi Pylu" {Rampage
                  | rPois Str+3 Dex-3} (You found it on level 6 of the Lair of
                  | Beasts)
 25547 | Lair:6   | Found a large runed translucent door.
 25548 | Lair:6   | Found a large runed translucent door.
 25703 | Lair:6   | Reached skill level 10 in Poison Magic
 26727 | Orc:2    | Hit by a large rock thrown by a stone giant

Illustrated notes

Levels and vault maps discovered:
D:1:      dpeg_arrival_solitude, layout_basic
D:2:      layout_basic, lemuel_coloured_pillars_altar,
          chequers_ecumenical_altar_simple_redux, serial_bayou_pond_a
D:3:      layout_basic, dancing_weapons_uskayaw
D:4:      minmay_recursive_quarters, layout_basic, tgw_sif,
          minmay_temple_entry_statues, uniq_robin, uniq_sigmund, uniq_grinder
D:5:      layout_basic, nemelex_altar_shiori, uniq_blork_the_orc
D:6:      layout_rooms, basic_altar, grunt_ministairs_5,
          fedhas_bush_and_centaur_altar, uniq_eustachio
D:7:      layout_gridville, overflow_temple_1_default,
          chequers_temple_overflow_minitemple, kennysheep_small_spiral,
          st_stairs_5, uniq_menkaure
D:8:      layout_basic, nicolae_gozag_seed_capital
D:9:      layout_stronghold, enter_bailey_4, kennysheep_flooded_box,
          wad_floor_pattern_untrapped, uniq_grum
D:10:     layout_rooms, orc_0_dummy, hangedman_decor_push
D:11:     layout_stronghold, david_lair_generic, gammafunk_ghost_arena,
          serial_bayou_pond_d, nrook_guardian_serpent_ordinary
D:12:     layout_long_grid, serial_shops, shop_coins, uniq_fannar
D:13:     gammafunk_corrupted_shrine, layout_irregular_city
D:14:     layout_rooms, skrybe_vaults_entry_preservation, minmay_crystal_water
D:15:     hangedman_depths_entry_civil_slaughter, layout_basic, uniq_roxanne,
          uniq_nessos
Temple:   dshaligram_water_room_temple
Lair:1:   layout_concentric_octagons, disabler_island, grunt_megastairs_2
Lair:2:   gammafunk_boulding_lane, layout_hall_layers, dummy_spider_entry,
          chequers_serial_rivers_small_3, minivault_26, bh_autumn_forest_stairs,
          minivault_26, uniq_nergalle
Lair:3:   layout_cave_pods, minmay_swamp_entry_wisps
Lair:4:   statuecave_lemuel, layout_cave_pods, lemuel_fruit_tree
Lair:5:   layout_cave_shapes, dpeg_slime_entry_corner, minmay_holes,
          zaba_antful_of_joy, uniq_josephine
Lair:6:   cheibrodos_lair_end_hotspot, layout_regular_city,
          nicolae_lair_grove_arrangements
Orc:1:    layout_caves
Orc:2:    grunt_orc_community_town_hall, layout_diamond_mine,
          grunt_orc_community_big_house_2, grunt_orc_community_big_house_1,
          grunt_orc_community_house_1, grunt_orc_community_house_2,
          grunt_orc_community_house_2, grunt_orc_community_house_3,
          grunt_orc_community_house_2, grunt_orc_community_house_1,
          serial_shops, shop, nicolae_shop_window_shopping, shop,
          nicolae_shop_crystal, shop_fountains

Skill      XL: |  1  2  3  4  5  6  7  8  9 10 11 12 13 14 |
---------------+-------------------------------------------+-----
Conjurations   | 5 6 7 8 9 11 12 13 14 16 | 16.5
Spellcasting   | 4 5 6 8 9 10 12 13 14 | 14.9
Stealth        | 3 4 5 6 7 |  7.5
Dodging        | 3 4 |  4.7
Earth Magic    | 1 3 5 6 7 8 9 |  9.3
Air Magic      | 1 2 |  2.0
Poison Magic   | 1 3 5 7 8 9 10 | 10.1
Translocations | 3 4 5 7 |  7.2
Fire Magic     | 1 |  1.2
Armour         | 1 2 3 |  3.2
Fighting       | |  0.3
Shields        | |  0.1
Transmutations | |  0.6
Evocations     | |  0.7

Action                   |  1- 3 |  4- 6 |  7- 9 | 10-12 | 13-15 || total
-------------------------+-------+-------+-------+-------+-------++-------
Melee: Dagger            |       |     6 |     7 |     5 |       ||    18
       Unarmed           |       |       |       |     5 |       ||     5
       Staff             |       |       |       |     5 |     2 ||     7
 Cast: Magic Dart        |    49 |    40 |    27 |    21 |     4 ||   141
       Searing Ray       |     3 |    18 |    69 |    41 |     1 ||   132
       Iskenderun's Myst |       |     4 |    18 |   134 |    55 ||   211
       Mephitic Cloud    |       |     2 |    10 |    18 |       ||    30
       Iron Shot         |       |       |     5 |    63 |    55 ||   123
       Ignite Poison     |       |       |     2 |     5 |       ||     7
       Blink             |       |       |     2 |     2 |       ||     4
       Orb of Destructio |       |       |       |     6 |    36 ||    42
Evoke: Wand              |       |       |     3 |     2 |     1 ||     6
  Use: Potion            |       |     1 |       |       |       ||     1
       Scroll            |       |       |     2 |    15 |     6 ||    23
 Stab: Paralysed         |       |       |       |     1 |       ||     1
Armor: Robe              |       |     2 |     7 |     7 |       ||    16
       Skin              |       |       |       |     1 |       ||     1
       Leather armour    |       |       |       |    11 |     6 ||    17
Dodge: Dodged            |     1 |    12 |    28 |    82 |    19 ||   142
Block: Other             |       |       |       |     5 |     3 ||     8
